 Dungeon Crawl Stone Soup version 0.17.1-3-g152610e (webtiles) character file.

35 sveltemanboy the Insei (level 3, -7/29 HPs)
             Began as a Demonspawn Monk on Apr 14, 2016.
             Mangled by a gnoll
             ... wielding a +0 spear
              (8 damage)
             ... on level 2 of the Dungeon.
             The game lasted 00:03:17 (1500 turns).

sveltemanboy the Insei (Demonspawn Monk)            Turns: 1500, Time: 00:03:17

Health: -7/29      AC:  3    Str: 12    XL:     3   Next: 16%
Magic:  3/3        EV: 15    Int: 11    God:
Gold:   80         SH:  0    Dex: 15    Spells: 0 memorised, 2 levels left

rFire  . . .     SeeInvis .       - Unarmed
rCold  . . .     Clarity  .     g - +0 leather armour
rNeg   . . .     SustAt   .     (no shield)
rPois  .         Gourm    .     (no helmet)
rElec  .         Spirit   .     (no cloak)
rCorr  .         Warding  .     (no gloves)
rMut   .         Stasis   .     (no boots)
MR     .....                    (no amulet)
Stlth  ++........               (no ring)
                                p - ring of wizardry

@: not resistant to hostile enchantments, unstealthy
A: repulsion field 1, rot immunity
a: no special abilities


You were on level 2 of the Dungeon.
You were not hungry.

You visited 1 branch of the dungeon, and saw 2 of its levels.

You collected 80 gold pieces.

Inventory:

Missiles
 d - a tomahawk (quivered)
Armour
 g - a +0 leather armour (worn)
 h - a +0 buckler
Jewellery
 l - an uncursed ring of ice
 p - a ring of wizardry (left hand)
Scrolls
 c - a scroll of amnesia {unknown}
 f - 3 scrolls of remove curse {unknown}
 i - a scroll of magic mapping {unknown}
 k - a scroll of identify {unknown}
Potions
 e - a potion of invisibility {unknown}
 j - a potion of flight {unknown}
 m - 2 potions of curing {unknown}
 o - a potion of heal wounds {unknown}
Comestibles
 a - a meat ration
 b - a bread ration
 n - a chunk of flesh


   Skills:
 - Level 3.0 Fighting
 * Level 2.2 Armour
 - Level 3.0 Dodging
 - Level 1.7 Stealth
 - Level 3.6 Unarmed Combat


You had 2 spell levels left.
You didn't know any spells.

Dungeon Overview and Level Annotations

Branches:
Dungeon (2/15)

Altars:
Okawaru


Innate Abilities, Weirdness & Mutations

You are surrounded by a mild repulsion field (EV +2).
You are immune to rotting.


Message History

Press: ? - help, Shift-Dir - straight line, f/p - gnoll
Aim: a gnoll (moderately wounded)
You throw a tomahawk. The tomahawk hits the gnoll.
The gnoll is heavily wounded.
The gnoll hits you but does no damage. The gnoll misses you.
Throwing (i - inventory):
d - 3 tomahawks (quivered)
Press: ? - help, Shift-Dir - straight line, f/p - gnoll
Aim: a gnoll (heavily wounded)
You throw a tomahawk. The tomahawk closely misses the gnoll.
The tomahawk hits the gnoll.
The gnoll is lightly wounded.
The gnoll barely misses you. The gnoll closely misses you.
Throwing (i - inventory):
d - 2 tomahawks (quivered)
Press: ? - help, Shift-Dir - straight line, f/p - gnoll
Aim: a gnoll (heavily wounded)
You throw a tomahawk.
The tomahawk hits the gnoll but does no damage.
The gnoll is heavily wounded.
The gnoll hits you from afar with a spear!
You die...

#### #.. #.#
...# #.# .#
#.## #.# ##
..### #.#
....#######
#K#
.[..'.....#
#.#
....#####.#
#g# ....#
#.# #g#
....# #.#
#@# #####
#.# #.### #
#.######...#
#
#......'...#
########...#
#...# #...#
#...# #...#


You could see 2 gnolls and a kobold.

Vanquished Creatures
  A gnoll (D:1)
  5 goblins (D:1)
  2 hobgoblins (D:1)
  2 jackals (D:1)
  6 kobolds
  3 bats
  3 giant newts (D:1)
  7 rats (D:1)
29 creatures vanquished.

Notes
Turn   | Place    | Note
--------------------------------------------------------------
     0 | D:1      | sveltemanboy the Demonspawn Monk began the quest for the Orb.
     0 | D:1      | Reached XP level 1. HP: 18/18 MP: 1/1
   301 | D:1      | Reached skill level 1 in Armour
   363 | D:1      | Gained mutation: You are immune to rotting. [demonic ancestry]
   363 | D:1      | Reached XP level 2. HP: 24/24 MP: 2/2
  1075 | D:2      | Found an iron altar of Okawaru.
  1095 | D:1      | Gained mutation: You are surrounded by a mild repulsion field (EV +2). [demonic ancestry]
  1095 | D:1      | Reached XP level 3. HP: 2/29 MP: 3/3
  1497 | D:2      | HP: 1/29 [gnoll (7)]
  1500 | D:2      | Mangled by a gnoll

Action                   || total
-------------------------++-------
Melee: Unarmed           ||    90
Throw: Tomahawk          ||    11
 Stab: Sleeping          ||     2
  Eat: Chunk             ||     2
